 Dungeon Crawl Stone Soup version 0.29.1-1-gd02db6906a (webtiles) character file.

Game seed: 9430564285520320445

984 Chimkentus the Magician (level 7, -2/31 HPs)
             Began as a Felid Air Elementalist on Oct 22, 2022.
             Was a Follower of Vehumet.
             Hit by a large rock thrown by a cyclops (33 damage)
             ... on level 7 of the Dungeon.
             The game lasted 00:52:31 (9210 turns).

Chimkentus the Magician (Felid Air Elementalist)    Turns: 9210, Time: 00:52:32

Health: -2/31      AC:  2    Str:  4    XL:     7   Next: 97%
Magic:  0/16       EV: 18    Int: 19    God:    Vehumet [*.....]
Gold:   461        SH:  0    Dex: 16    Spells: 6/17 levels left
                                        Lives:  0   Deaths: 2

rFire   . . .      SeeInvis +   (weapon unavailable)
rCold   . . .      Faith    .   (shield unavailable)
rNeg    . . .      Spirit   +   (body armour unavailable)
rPois   .          Reflect  .   (helmet unavailable)
rElec   .          Harm     .   (cloak unavailable)
rCorr   .          Rampage  .   (gloves unavailable)
Will    +....                   (boots unavailable)
Stlth   ++........              y - amulet of guardian spirit
HPRegen 0.10/turn               (no ring)
MPRegen 0.15/turn               (no ring)

@: quick
A: very small, claws 1, fangs 3, see invisible, speed 1, shaggy fur 2, stealthy
paws, no weapons or thrown items, no armour, multi-lived
a: Renounce Religion


You were on level 7 of the Dungeon.
You worshipped Vehumet.
Vehumet was aware of your devotion.
You visited 2 branches of the dungeon, and saw 8 of its levels.

You collected 461 gold pieces.

Inventory:

Jewellery
 u - an amulet of regeneration
 y - an amulet of guardian spirit (around neck)
Wands
 k - a wand of charming (8)
 l - a wand of flame (45)
 x - a wand of digging (4)
Scrolls
 b - a scroll of enchant armour
 c - a scroll of enchant weapon {unknown}
 e - 2 scrolls of teleportation
 g - a scroll of poison
 i - a scroll of immolation {unknown}
 j - 3 scrolls of fear
 n - 3 scrolls of noise
 t - a scroll of fog {unknown}
 v - a scroll of blinking {unknown}
 w - a scroll of acquirement {unknown}
Potions
 a - 4 potions of magic
 d - 2 potions of berserk rage
 f - 3 potions of attraction
 h - a potion of ambrosia
 m - a potion of flight
 o - a potion of mutation
 p - 2 potions of might
 q - 2 potions of heal wounds
 r - 2 potions of resistance
 s - a potion of haste


   Skills:
 * Level 3.7 Fighting
 + Level 3.4 Dodging
 + Level 3.4 Stealth
 + Level 5.8 Spellcasting
 + Level 4.4 Conjurations
 * Level 4.6 Translocations
 + Level 5.7 Air Magic


You had 6 spell levels left.
You knew the following spells:

 Your Spells              Type           Power      Damage    Failure   Level
a - Shock                 Conj/Air       96%        1d9       1%          1
b - Static Discharge      Conj/Air       24%        3-6/arc   2%          2
c - Airstrike             Air            13%        2d(2-18)  11%         4
d - Iskenderun's Mystic   Conj/Tloc      22%        2d6       17%         4

Your spell library contained the following spells:

 Spells                   Type           Power      Damage    Failure   Level
 Magic Dart               Conj           88%        1d7       1%          1
 Swiftness                Air            27%        N/A       3%          3
 Poisonous Vapours        Pois/Air       32%        N/A       5%          2
 Sting                    Tmut/Pois      20%        1d4       12%         1
 Fulminant Prism          Conj/Hex       7%         3d7       41%         4
 Olgreb's Toxic Radiance  Pois           5%         N/A       75%         4
 Lee's Rapid Deconstruct  Erth           2%         3d6*      97%         5


Dungeon Overview and Level Annotations

Branches:
Dungeon (7/15)             Temple (1/1) D:6

Altars:
Ashenzari
Cheibriados
Dithmenos
Elyvilon
Fedhas
Gozag
Hepliaklqana
Makhleb
Nemelex Xobeh
Okawaru
Qazlal
Sif Muna
Trog
Uskayaw
Vehumet
Wu Jian
Xom
Yredelemnul
Zin
The Shining One

Annotations:
D:7 exclusion: cyclops


Innate Abilities, Weirdness & Mutations

You have sharp claws.
You have razor-sharp teeth.
You have supernaturally acute eyesight. (SInv)
You cover ground quickly. (Speed+)
You are covered in thick fur. (AC +2)
Your paws help you pounce on unaware monsters.
You are incapable of wielding weapons or throwing items.
You cannot wear armour.
You gain extra lives every three experience levels.


Message History

y - an amulet of guardian spirit (around neck)
You start waiting.
Done waiting.
Really walk into a travel-excluded area?
Casting: Shock (safe; 1% risk of failure)
Confirm with . or Enter, or press ? or * to list all spells.
Okay, then.
Casting: Shock (safe; 1% risk of failure)
Confirm with . or Enter, or press ? or * to list all spells.
The spell is quite dangerous to miscast (11% risk of failure)!
Continue anyway?
Aiming: Airstrike (quite dangerous; 11% risk of failure)
Press: ? - help, Dir - move target, f - cyclops
Aim: a cyclops, quivering large rocks (asleep, empty space bonus: 1/8)
The air twists around and strikes the cyclops.
The cyclops shouts!
The cyclops is lightly wounded.
Unknown command.
Casting: Airstrike (quite dangerous; 11% risk of failure)
Confirm with . or Enter, or press ? or * to list all spells.
The spell is quite dangerous to miscast (11% risk of failure)!
Continue anyway?
Aiming: Airstrike (quite dangerous; 11% risk of failure)
Press: ? - help, Dir - move target, f/p - cyclops
Aim: a cyclops, quivering large rocks (lightly wounded, empty space bonus: 1/8)
The air twists around and strikes the cyclops.
The cyclops is lightly wounded.
Aiming: Throw Flame
Press: ? - help, Shift-Dir - straight line, f/p - cyclops
Aim: a cyclops, quivering large rocks (lightly wounded, 97% to hit)
The puff of flame hits the cyclops but does no damage.
The cyclops is lightly wounded.
The cyclops throws a large rock.
The large rock completely misses you.
Unknown command.
Aiming: Throw Flame
Press: ? - help, Shift-Dir - straight line, f/p - cyclops
Aim: a cyclops, quivering large rocks (lightly wounded, 97% to hit)
The puff of flame hits the cyclops.
The cyclops is moderately wounded.
The cyclops throws a large rock.
The large rock hits you!!!
Ouch! That really hurt!
You die...

....#####.##.......#....#......))
....#......#..รท##..#............<
....#.[....#....#..#..#...#####.#
....#......####.#.....#...# #..
....'...............>##.#########
....#......####..................
....#......# #.#......(#########
....#......# #.####.########.#
#####......# #.@.....C.#.)...#
#####......# ######..###.###.#
......###### #..#.)...#.#
#####.### ######..#.#.#.#.# .#
#..<# #.........#.#.#.#
.##############.......###.#.#.#
.))..........##.......# #.#.#.#
.###########.##.......# #...#.#
.### #...#######.## #####.#


You could see a cyclops.

Vanquished Creatures
  Prince Ribbit (D:7)
  A wyvern (D:7)
  An ogre (D:5)
  A centaur (D:7)
  A bullfrog (D:6)
  A scorpion (D:5)
  2 necrophages
  4 wights
  A killer bee (D:4)
  A hound (D:7)
  3 gnoll boudas
  2 orc priests (D:6)
  A jelly (D:6)
  4 iguanas
  5 orc wizards
  12 gnolls
  3 adders
  A white imp (D:5)
  A worm (D:4)
  5 dart slugs
  8 orcs
  5 ball pythons (D:1)
  4 endoplasms
  7 giant cockroaches
  8 goblins
  11 hobgoblins
  2 jackals (D:1)
  3 quokkas
  9 bats
  4 frilled lizards
  8 kobolds
  6 rats
  A spectral goblin (D:6)
127 creatures vanquished.

Vanquished Creatures (collateral kills)
  An orc (D:6)
1 creature vanquished.

Vanquished Creatures (others)
  A butterfly (D:4)
  21 plants (D:1)
22 creatures vanquished.

Grand Total: 150 creatures vanquished

Notes
Turn   | Place    | Note
-------+----------+-------------------------------------------
     0 | D:1      | Chimkentus the Felid Air Elementalist began the quest for
                  | the Orb.
     0 | D:1      | Reached XP level 1. HP: 7/7 MP: 4/4
   191 | D:1      | Reached XP level 2. HP: 10/11 MP: 0/6
   194 | D:1      | Learned a level 2 spell: Static Discharge
   509 | D:1      | Reached skill level 1 in Conjurations
   873 | D:1      | Reached XP level 3. HP: 15/15 MP: 2/7
  1541 | D:2      | Reached skill level 1 in Fighting
  1749 | D:2      | Reached XP level 4. HP: 19/19 MP: 1/8
  1754 | D:2      | Learned a level 4 spell: Airstrike
  3285 | D:3      | Killed from afar by themself
  3286 | D:3      | Reached XP level 3. HP: -1/16 MP: 1/8
  3286 | D:3      | Reached XP level 4. HP: 19/19 MP: 9/9
  3480 | D:4      | Found a radiant altar of Vehumet.
  3925 | D:4      | Became a worshipper of Vehumet
  4154 | D:4      | Reached XP level 5. HP: 17/22 MP: 1/10
  4721 | D:4      | Gained mutation: You are covered in thick fur. (AC +2)
                  | [Felid growth]
  4721 | D:4      | Reached XP level 6. HP: 24/26 MP: 8/12
  4726 | D:4      | Learned a level 4 spell: Iskenderun's Mystic Blast
  5226 | D:4      | Found a white marble altar of Elyvilon.
  5398 | D:5      | Entered Level 5 of the Dungeon
  6398 | D:5      | Reached skill level 1 in Translocations
  6451 | D:5      | Reached XP level 7. HP: 30/30 MP: 1/14
  6868 | D:6      | Found a staircase to the Ecumenical Temple.
  6874 | Temple   | Entered the Ecumenical Temple
  7004 | D:6      | Found a hazy altar of Hepliaklqana.
  7525 | D:6      | Reached skill level 5 in Air Magic
  7767 | D:7      | Identified the +1 leather armour of the World {rPois}
  7924 | D:7      | Found a stormy altar of Qazlal.
  8136 | D:7      | Noticed Prince Ribbit
  8153 | D:7      | Killed Prince Ribbit
  8154 | D:7      | Reached skill level 5 in Spellcasting
  8154 | D:7      | Reached XP level 8. HP: 34/34 MP: 4/16
  8337 | D:7      | Reached * piety under Vehumet
  8337 | D:7      | Offered knowledge of Magic Dart by Vehumet.
  8381 | D:7      | Noticed a cyclops
  8596 | D:7      | Found a shimmering altar of Xom.
  8715 | D:7      | Identified the +2 whip "Tytz" {holy, rN+ Dex+2}
  8746 | D:7      | Slain by a wyvern
  8747 | D:7      | Reached XP level 7. HP: -4/31 MP: 1/16
  8774 | D:7      | Killed a wyvern
  9012 | D:7      | Found a sparkling altar of Nemelex Xobeh.
  9210 | D:7      | Hit by a large rock thrown by a cyclops

Illustrated notes

Levels and vault maps discovered:
D:1:      lightli_arrival_noodles, layout_basic, serial_bayou_lagoon_a
D:2:      minmay_chambers_of_twos, layout_basic, minmay_close_crescents
D:3:      layout_rooms
D:4:      layout_basic, nicolae_elyvilon_peaceful_grove, vehumet_altar_wand_db,
          minmay_manual_monolith
D:5:      nicolae_BIG_FREAKIN_CUBE, layout_loops_ring,
          kennysheep_decorative_pillar
D:6:      layout_rooms, nicolae_hepliaklqana_monster_ancestors,
          minmay_temple_entry_enclosed_plants
D:7:      layout_basic, mainiacjoe_overflow_catch_the_wave,
          mainiacjoe_overflow_brackets, uniq_prince_ribbit1
Temple:   eino_temple_water

Skill      XL: |  1  2  3  4  5  6  7 |
---------------+----------------------+-----
Dodging        | 3 |  3.4
Air Magic      | 3 4 5 |  5.7
Conjurations   | 1 2 3 4 |  4.4
Fighting       | 1 2 3 |  3.7
Spellcasting   | 3 4 5 |  5.8
Stealth        | 3 |  3.4
Translocations | 1 4 |  4.6

Action                   |  1- 3 |  4- 6 |  7- 9 || total
-------------------------+-------+-------+-------++-------
Melee: Unarmed           |     2 |       |       ||     2
 Cast: Shock             |    81 |   120 |    74 ||   275
       Static Discharge  |     3 |    22 |    16 ||    41
       Airstrike         |       |     4 |    16 ||    20
Evoke: Wand              |       |       |     4 ||     4
  Use: Scroll            |       |    10 |     5 ||    15
       Potion            |       |     1 |       ||     1
 Stab: Sleeping          |     2 |       |       ||     2
Dodge: Dodged            |    17 |    12 |    15 ||    44
